 Dungeon Crawl Stone Soup version 0.19.5 (webtiles) character file.

22108 kraedy the Basher (level 12, -5/79 HPs)
             Began as a Gargoyle Fighter on Mar 11, 2017.
             Was the Champion of Okawaru.
             Slain by Snorg (8 damage)
             ... on level 13 of the Dungeon.
             The game lasted 00:47:32 (14603 turns).

kraedy the Basher (Gargoyle Fighter)               Turns: 14603, Time: 00:47:33

Health: -5/79      AC: 25    Str: 26    XL:     12   Next: 97%
Magic:  23/27      EV: 13    Int:  8    God:    Okawaru [******]
Gold:   2155       SH:  0    Dex:  9    Spells: 0 memorised, 11 levels left

rFire  . . .     SeeInvis +     L - +10 dire flail of Mandamus {drain, rElec SInv}
rCold  + . .     Gourm    .     u - +1 ring mail {MR+}
rNeg   + . .     Faith    .     (shield currently unavailable)
rPois  ∞         Spirit   .     p - +0 helmet
rElec  +         Reflect  .     l - +1 cloak
rCorr  .         Harm     .     G - +2 pair of gloves
MR     +....     Rnd*Rage +     (no boots)
Stlth  ..........               (no amulet)
                                K - ring of protection from cold
                                b - ring of magical power

@: exhausted, finesse, very slightly contaminated, hasted, very quick
A: claws 1, repulsion field 2, rugged brown scales 1, berserk 2, negative energy
resistance 1, electricity resistance, unbreathing, petrification resistance, rot
immunity, AC +8
a: Heroism, Finesse, Renounce Religion


You were on level 13 of the Dungeon.
You worshipped Okawaru.
Okawaru was exalted by your worship.
You were not hungry.

You visited 2 branches of the dungeon, and saw 14 of its levels.
You also visited: Bailey.

You collected 2155 gold pieces.

Inventory:

Hand Weapons
 j - a +2 morningstar of protection
 L - the +10 dire flail of Mandamus (weapon) {drain, rElec SInv}
   (Okawaru gifted it to you on level 9 of the Dungeon)

   A truly terrible weapon, it drains the life of those it strikes.
   It insulates you from electricity.
   It lets you see invisible.
Armour
 c - a +0 shield
 l - a +1 cloak (worn)
 p - a +0 helmet (worn)
 u - a +1 ring mail of magic resistance (worn)
 G - a +2 pair of gloves (worn)
Jewellery
 b - a ring of magical power (left hand)
 y - an uncursed ring of see invisible
 K - a ring of protection from cold (right hand)
Wands
 k - a wand of acid (9/15)
 o - a wand of polymorph (21/24)
 C - a wand of flame (31/48)
 D - a wand of flame (7/48)
 I - a wand of flame (28/48)
 M - a wand of lightning (4/15)
 N - a wand of disintegration (5/24)
 R - a wand of lightning (10/15)
Scrolls
 a - a scroll of fog
 e - 7 scrolls of enchant armour
 g - a scroll of summoning
 s - 2 scrolls of amnesia
 t - 3 scrolls of remove curse
 v - 4 scrolls of recharging
 w - 3 scrolls of teleportation
 B - 2 scrolls of enchant weapon
 E - 2 scrolls of identify
 J - a scroll of silence {unknown}
 S - a scroll of vulnerability {unknown}
Potions
 d - a potion of haste
 h - 6 potions of flight
 i - 3 potions of agility
 m - 2 potions of curing
 z - 2 potions of invisibility
 F - a potion of brilliance
 H - a potion of cancellation
 O - 2 potions of ambrosia
Comestibles
 f - 7 bread rations
 n - 5 meat rations
 q - 6 beef jerkies
 r - 11 slices of pizza
 A - 3 royal jellies
 P - 2 chunks of flesh
 Q - 2 fruits


   Skills:
 + Level 9.7 Fighting
 + Level 13.2 Maces & Flails
 + Level 9.6 Armour
 + Level 9.9 Shields
 + Level 9.1 Invocations


You had 11 spell levels left.
You didn't know any spells.

Dungeon Overview and Level Annotations

Branches:
Dungeon (13/15)            Temple (1/1) D:5            Lair (0/6) D:11
    Orc: D:9-12      Vaults: D:13-14

Altars:
Ashenzari
Cheibriados
Dithmenos
Elyvilon
Fedhas
Gozag
Hepliaklqana
Kikubaaqudgha
Makhleb
Nemelex Xobeh
Okawaru
Qazlal
Ru
Sif Muna
Trog
Uskayaw
Vehumet
Xom
Yredelemnul
Zin
The Shining One

Shops:
D:4 (   D:9 :   D:10 }

Portals:
Trove: D:12 (lose all piety)

Annotations:
D:11 exclusion: obsidian statue
D:13 Snorg


Innate Abilities, Weirdness & Mutations

You are resistant to torment.
Your stone body is resilient. (AC +8)
You are immune to poison.
You resist negative energy. (rN+)
You are resistant to electric shocks. (rElec)
You can survive without breathing.
You are immune to petrification.
You are immune to rotting.
You have sharp fingernails.
You are surrounded by a moderate repulsion field. (EV +3)
You are partially covered in rugged brown scales. (AC +1, +3% HP)
You often lose your temper in combat.


Message History

You puncture the gargoyle!
The gargoyle is heavily damaged.
The gargoyle barely misses you.
You hit the gargoyle but do no damage.
The gargoyle is heavily damaged.
You hit the gargoyle.
The gargoyle is severely damaged.
You sock the gargoyle!
You destroy the gargoyle!
Okawaru accepts your kill. The shadow imp barely misses you.
Things that are here:
an enchanted mace; a rapier You bludgeon the shadow imp!!
You kill the shadow imp!
Okawaru accepts your kill. Snorg bites you but does no damage. Snorg claws you!
* * * LOW HITPOINT WARNING * * *
Snorg claws you!
You die...

?.....# #....# ...!8.. #....#
......9##....#
C...e.CD.....#+##
....*..#........+ .≈
...(85.###......#§.. ......#
#C.....<... ......
#T......... ... .$...#
#@#5#+#.... ... .8..#
#)#.#.#.#. .....
...#######†#.#.#.. .....
###.......#.#.#.#+##.....
#####........................
.............................
#####.#.#######......<.......
.. #............[)........ ##
#.............)).......


You could see Snorg (berserk) and a hill giant.

Vanquished Creatures
  Azrael (D:12)
  3 hydras (D:13)
  Erica (D:10)
  Nergalle (D:12)
  An unseen horror (D:13)
  3 hill giants
  An ugly thing (D:11)
  A deep elf mage (D:13)
  A cyclops (D:11)
  Psyche (D:8)
  Joseph (D:7)
  Maurice (D:12)
  A gargoyle (D:13)
  2 kobold demonologists (D:12)
  2 trolls
  A two-headed ogre (D:8)
  2 hornets (D:9)
  5 hippogriffs
  A shadow (D:12)
  Eustachio (D:6)
  4 fire elementals (D:12)
  4 hogs (D:8)
  6 yaks
  A human (D:8)
  A steam dragon (D:12)
  A hungry ghost (D:13)
  A soldier ant (D:13)
  2 water moccasins (D:10)
  Duvessa (D:7)
  A hornet zombie (D:11)
  2 ice beasts
  2 orc warriors
  A black bear (D:4)
  3 phantoms
  3 sky beasts
  3 necrophages
  3 wolves (D:11)
  5 ogres
  3 centaurs
  A crocodile (D:11)
  4 big kobolds
  10 bullfrogs
  An elf zombie (D:9)
  8 gnoll sergeants (Bailey)
  An elf skeleton (D:9)
  Dowan (D:7)
  6 scorpions
  19 killer bees
  2 howler monkeys
  2 wights (D:9)
  An electric eel (D:11)
  4 crimson imps
  11 hounds
  5 human zombies (D:9)
  2 bullfrog zombies
  2 centaur skeletons
  Crazy Yiuf (D:4)
  6 jellies
  A bullfrog skeleton (D:11)
  6 gnoll shamans (Bailey)
  3 iguanas
  8 orc priests
  Jessica (D:3)
  11 orc wizards
  Ijyb (D:2)
  8 worker ants
  An ogre zombie (D:9)
  3 hound skeletons
  2 mummies
  3 worker ant zombies
  Robin (D:2)
  17 gnolls
  14 adders
  2 shadow imps
  3 oozes
  An adder zombie (D:9)
  An adder skeleton (D:6)
  3 worms
  13 dart slugs
  12 leopard geckos
  39 orcs
  2 ball pythons (D:1)
  7 giant cockroaches
  20 goblins
  7 hobgoblins
  14 jackals
  17 kobolds
  2 quokkas
  10 bats
  11 frilled lizards
  A hobgoblin zombie (D:5)
  2 kobold zombies (D:5)
  A leopard gecko zombie (D:4)
  2 orc zombies
  A quokka skeleton (D:6)
  A quokka zombie (D:9)
  8 rats
425 creatures vanquished.

Vanquished Creatures (others)
  An orc (D:8)
  A jackal (D:11)
2 creatures vanquished.

Grand Total: 427 creatures vanquished

Notes
Turn   | Place    | Note
-------+----------+-------------------------------------------
     0 | D:1      | kraedy the Gargoyle Fighter began the quest for the Orb.
     0 | D:1      | Reached XP level 1. HP: 14/14 MP: 1/1
   323 | D:1      | Reached XP level 2. HP: 19/19 MP: 2/2
   348 | D:1      | Reached skill level 3 in Maces & Flails
   693 | D:1      | Reached XP level 3. HP: 18/23 MP: 3/3
   976 | D:1      | Reached skill level 4 in Maces & Flails
  1550 | D:2      | Reached XP level 4. HP: 28/28 MP: 4/4
  1733 | D:2      | Noticed Robin
  1766 | D:2      | Killed Robin
  1945 | D:2      | Noticed Ijyb
  1964 | D:2      | Killed Ijyb
  1964 | D:2      | Reached skill level 5 in Maces & Flails
  1964 | D:2      | Reached XP level 5. HP: 32/32 MP: 5/5
  2781 | D:3      | Gained mutation: You are partially covered in rugged brown scales. (AC +1, +3% HP) [potion of mutation]
  2781 | D:3      | Gained mutation: Armour fits poorly on your strangely shaped body. [potion of mutation]
  2781 | D:3      | Gained mutation: You are surrounded by a mild repulsion field. (EV +2) [potion of mutation]
  3156 | D:3      | Found a hide-covered altar of Uskayaw.
  3200 | D:3      | Reached skill level 6 in Maces & Flails
  3225 | D:3      | Noticed Jessica
  3265 | D:3      | Reached XP level 6. HP: 34/38 MP: 6/6
  3273 | D:3      | Killed Jessica
  3805 | D:3      | Found a faded altar of an unknown god.
  4225 | D:4      | Reached skill level 7 in Maces & Flails
  4246 | D:4      | Reached XP level 7. HP: 13/42 MP: 7/7
  5033 | D:4      | Found a runed door.
  5037 | D:4      | Noticed Crazy Yiuf
  5054 | D:4      | Killed Crazy Yiuf
  5054 | D:4      | Reached skill level 8 in Maces & Flails
  5160 | D:4      | Found Oskota's Weapon Boutique.
  5273 | D:4      | Found a sparkling altar of Nemelex Xobeh.
  5274 | D:4      | Found a hazy altar of Hepliaklqana.
  5399 | D:5      | Entered Level 5 of the Dungeon
  5416 | D:5      | Found a staircase to the Ecumenical Temple.
  5874 | Temple   | Entered the Ecumenical Temple
  5954 | Temple   | Became a worshipper of Warmaster Okawaru
  6459 | D:5      | Reached skill level 9 in Maces & Flails
  6459 | D:5      | Reached XP level 8. HP: 43/47 MP: 8/8
  6566 | D:5      | Found a sacrificial altar of Ru.
  6622 | D:5      | Found an ancient bone altar of Kikubaaqudgha.
  6622 | D:5      | Found a basalt altar of Yredelemnul.
  6627 | D:5      | Found a faded altar of an unknown god.
  6629 | D:5      | Found a faded altar of an unknown god.
  6630 | D:5      | Found a faded altar of an unknown god.
  7148 | D:6      | Found a burning altar of Makhleb.
  7152 | D:6      | Found a radiant altar of Vehumet.
  7401 | D:6      | Reached skill level 10 in Maces & Flails
  7632 | D:6      | Noticed Eustachio
  7648 | D:6      | Reached * piety under Okawaru
  7661 | D:6      | Killed Eustachio
  7661 | D:6      | Reached skill level 1 in Invocations
  7902 | D:6      | Reached XP level 9. HP: 52/52 MP: 10/10
  8185 | D:7      | Noticed Joseph
  8185 | D:7      | Noticed Duvessa
  8185 | D:7      | Noticed Dowan
  8197 | D:7      | Killed Duvessa
  8200 | D:7      | Killed Dowan
  8200 | D:7      | Reached ** piety under Okawaru
  8209 | D:7      | Killed Joseph
  8209 | D:7      | Reached skill level 11 in Maces & Flails
  8629 | D:7      | Reached skill level 5 in Shields
  8670 | D:7      | Reached *** piety under Okawaru
  9043 | D:8      | Found a glowing silver altar of Zin.
  9375 | D:8      | Noticed a two-headed ogre
  9382 | D:8      | Killed a two-headed ogre
  9382 | D:8      | Reached skill level 5 in Armour
  9661 | D:8      | Found a stormy altar of Qazlal.
  9661 | D:8      | Found a snail-covered altar of Cheibriados.
  9670 | D:8      | Noticed Psyche
  9678 | D:8      | Killed Psyche
  9678 | D:8      | Reached **** piety under Okawaru
  9678 | D:8      | Reached skill level 5 in Fighting
  9678 | D:8      | Reached XP level 10. HP: 46/60 MP: 13/13
  9752 | D:8      | Found an opulent altar of Gozag.
  9752 | D:8      | Found a white marble altar of Elyvilon.
  9988 | D:8      | Reached skill level 5 in Invocations
 10092 | D:9      | Found Deawig's Book Shop.
 10172 | D:9      | Reached ***** piety under Okawaru
 10594 | D:9      | Received a gift from Okawaru
 10597 | D:9      | Got an encrusted dire flail {god gift}
 10603 | D:9      | Identified the +10 dire flail of Mandamus {drain, rElec SInv} (Okawaru gifted it to you on level 9 of the Dungeon)
 10621 | D:9      | Found a basalt altar of Yredelemnul.
 10765 | D:9      | Gained mutation: Scrolls take you a little longer to read. [mutagenic meat]
 10766 | D:9      | Gained mutation: Your body sometimes deteriorates upon taking damage. [mutagenic meat]
 10768 | D:9      | Gained mutation: You tend to lose your temper in combat. [mutagenic meat]
 10981 | D:10     | Entered Level 10 of the Dungeon
 10981 | D:10     | Found Loteras's Gadget Shop.
 10981 | D:10     | Found an opulent altar of Gozag.
 11141 | D:10     | Noticed Erica
 11149 | D:10     | Killed Erica
 11149 | D:10     | Reached skill level 12 in Maces & Flails
 11149 | D:10     | Reached XP level 11. HP: 67/67 MP: 15/15
 11538 | D:10     | Gained mutation: Your mind is acute. (Int +2) [mutagenic meat]
 11833 | D:11     | Noticed a hill giant
 11835 | D:11     | Noticed a cyclops
 11860 | D:11     | Killed a hill giant
 11864 | D:11     | Received a gift from Okawaru
 11868 | D:11     | Killed a cyclops
 11899 | D:11     | Noticed an obsidian statue
 11989 | D:11     | Noticed a hill giant
 11992 | D:11     | Found a flagged portal.
 11998 | Bailey   | Entered a bailey
 12641 | Bailey   | Got a polished ring mail
 12652 | Bailey   | Identified the +0 ring mail "Kioklomp" {rElec MR+} (You found it in a bailey)
 12748 | D:11     | Killed a hill giant
 12906 | D:11     | Found a staircase to the Lair.
 12911 | D:11     | Noticed a red ugly thing
 12929 | D:11     | Killed a red ugly thing
 13156 | D:12     | Noticed Nergalle
 13163 | D:12     | Killed Nergalle
 13353 | D:12     | Gained mutation: You occasionally shout uncontrollably at your foes. [mutagenic meat]
 13354 | D:12     | Gained mutation: You often lose your temper in combat. [mutagenic meat]
 13356 | D:12     | Lost mutation: You are partially covered in rugged brown scales. (AC +1, +3% HP) [mutagenic meat]
 13360 | D:12     | Lost mutation: Your body sometimes deteriorates upon taking damage. [potion of cure mutation]
 13360 | D:12     | Lost mutation: Scrolls take you a little longer to read. [potion of cure mutation]
 13360 | D:12     | Lost mutation: You occasionally shout uncontrollably at your foes. [potion of cure mutation]
 13360 | D:12     | Lost mutation: Armour fits poorly on your strangely shaped body. [potion of cure mutation]
 13360 | D:12     | Lost mutation: Your mind is acute. (Int +2) [potion of cure mutation]
 13479 | D:12     | Gained mutation: You are surrounded by a moderate repulsion field. (EV +3) [potion of mutation]
 13479 | D:12     | Gained mutation: You are partially covered in rugged brown scales. (AC +1, +3% HP) [potion of mutation]
 13479 | D:12     | Gained mutation: You have sharp fingernails. [potion of mutation]
 13497 | D:12     | Reached ****** piety under Okawaru
 13498 | D:12     | Noticed Azrael
 13509 | D:12     | Killed Azrael
 13509 | D:12     | Reached XP level 12. HP: 24/76 MP: 17/17
 13871 | D:12     | Noticed Maurice
 13886 | D:12     | Killed Maurice
 14204 | D:12     | Found a portal to a secret trove of treasure.
 14420 | D:13     | Received a gift from Okawaru
 14423 | D:13     | Got a bloodstained dire flail {god gift}
 14442 | D:13     | Identified the +1 dire flail of Disarray {holy, Str+3} (Okawaru gifted it to you on level 13 of the Dungeon)
 14518 | D:13     | Noticed an eight-headed hydra
 14520 | D:13     | Noticed an eight-headed hydra
 14523 | D:13     | Noticed a seven-headed hydra
 14547 | D:13     | Killed a seven-headed hydra
 14547 | D:13     | Reached skill level 13 in Maces & Flails
 14549 | D:13     | Killed an eight-headed hydra
 14559 | D:13     | Noticed Snorg
 14569 | D:13     | Killed an eight-headed hydra
 14593 | D:13     | HP: 3/79 [deep elf mage/orb of energy (14)]
 14603 | D:13     | HP: 3/79 [Snorg (10)]
 14603 | D:13     | Slain by Snorg

Skill      XL: |  1  2  3  4  5  6  7  8  9 10 11 12 |
---------------+-------------------------------------+-----
Maces & Flails | 3 4 5 6 7 9 10 11 12 13 | 13.2
Invocations    | 2 4 6 7 9 |  9.1
Shields        | 5 7 8 9 |  9.9
Armour         | 5 7 8 9 |  9.6
Fighting       | 5 6 8 9 |  9.7

Action                   |  1- 3 |  4- 6 |  7- 9 | 10-12 || total
-------------------------+-------+-------+-------+-------++-------
Melee: Flail             |   186 |   142 |       |       ||   328
       Whip              |       |   466 |   703 |       ||  1169
       Morningstar       |       |       |    20 |   189 ||   209
       Dire flail        |       |       |       |   497 ||   497
Invok: Heroism           |       |       |     1 |     2 ||     3
       Finesse           |       |       |       |     3 ||     3
  Use: Scroll            |       |    12 |     9 |     6 ||    27
       Potion            |       |     4 |     5 |    10 ||    19
 Stab: Invisible         |       |       |     3 |       ||     3
  Eat: Chunk             |     2 |    10 |    18 |    29 ||    59
Armor: Scale mail        |   128 |    54 |       |       ||   182
       Ring mail         |       |   200 |   244 |   383 ||   827
Dodge: Dodged            |    77 |   177 |   168 |   400 ||   822
Block: Shield            |   109 |   286 |   251 |    96 ||   742
